 Dungeon Sprint DCSS version 0.29-a0-925-g0a7a3d12f8 (webtiles) character file.

Game seed: 1307272783096040423

10 Hipnos the Cudgeller (level 2, -1/46 HPs)
             Began as a Troll Chaos Knight on July 28, 2022.
             Was a Plaything of Xom.
             Slain by a wyvern (17 damage)
             ... in the Dungeon (Sprint II: "The Violet Keep of Menkaure").
             The game lasted 00:00:20 (39 turns).

Hipnos the Cudgeller (Troll Chaos Knight)             Turns: 39, Time: 00:00:20

Health: -1/46      AC:  6    Str: 19    XL:     2   Next: 10%
Magic:  1/1        EV: 10    Int:  8    God:    Xom [..*...]
Gold:   243        SH:  0    Dex:  9    Spells: 1/1 levels left

rFire   . . .      SeeInvis .   a - +0 mace (chaos)
rCold   . . .      Faith    .   (no shield)
rNeg    . . .      Spirit   .   b - +2 robe
rPois   .          Reflect  .   (helmet restricted)
rElec   .          Harm     .   (no cloak)
rCorr   .          Rampage  .   (gloves unavailable)
Will    .....      NoTele   +   (boots unavailable)
Stlth   ..........              (no amulet)
HPRegen 0.95/turn               (no ring)
MPRegen 0.07/turn               (no ring)

@: mighty, berserking, very quick
A: large, unfitting armour, claws 3, regeneration 1, shaggy fur 1, tough skin 1
a: Renounce Religion


You were in the Dungeon.
You worshipped Xom.
You were a toy of Xom.
You visited 1 branch You collected 243 gold pieces.

Inventory:

Hand Weapons
 a - a +0 mace of chaos (weapon)
Armour
 b - a +2 robe (worn)
Scrolls
 i - a scroll of blinking
Potions
 d - a potion of curing
 e - a potion of heal wounds
 f - a potion of haste
 g - 2 potions of magic
Miscellaneous
 c - a piece from Xom's chessboard (15/15) (quivered)


   Skills:
 + Level 3.3 Fighting
 + Level 3.7 Maces & Flails
 + Level 2.3 Dodging


You had one spell level left.
You didn't know any spells.
Your spell library was empty.

Dungeon Overview and Level Annotations

Branches:
Dungeon (1/1)

Altars:

Shops:
D :([[[:!


Innate Abilities, Weirdness & Mutations

You are too large for most types of armour.
You have claws for hands.
Your natural rate of healing is unusually fast.
You are covered in fur. (AC +1)
You have tough skin. (AC +1)


Message History

The worm is almost dead.
The worm bites you but does no damage.
You closely miss the worm.
The worm is almost dead.
The worm bites you but does no damage.
You closely miss the worm.
The worm is severely wounded.
You hit the worm.
You kill the worm!
You have reached level 2!
You close the door.
There is an open door here.
Things that are here:
a worm corpse; a worm corpse
There is a staircase leading out of the dungeon here.
You open the door. 2 wyverns come into view.
The wyvern hisses angrily.
A red film seems to cover your vision as you go berserk!
You feel yourself moving faster!
You feel mighty! The wyvern bites you!
You closely miss the wyvern. The wyvern bites you.
You sock the wyvern! You freeze the wyvern.
The wyvern is heavily wounded.
The wyvern bites you.
You barely miss the wyvern.
The wyvern is heavily wounded. "Go forth and destroy!"
You feel very mighty all of a sudden. The wyvern closely misses you.
You barely miss the wyvern.
The wyvern is heavily wounded.
The wyvern barely misses you. The wyvern bites you!
You sock the wyvern! You freeze the wyvern.
The wyvern is severely wounded.
The wyvern barely misses you.
You barely miss the wyvern.
The wyvern is severely wounded.
The wyvern bites you!
You die...
Xom laughs nastily!

######≈ .....#≈
.⌠...#≈ ..∩..#≈
.∩.∩.#≈ ### #
∩.∩.∩#≈##.###+# .#
...∩.#≈#...##.##.#
+≈+##.†.<@l#
.....#≈#.####.##l#
▓▓▓###≈ #.# #+# .#
######≈ ## # ##


You could see 2 wyverns.

Vanquished Creatures
  3 worms (D)
3 creatures vanquished.

Notes
Turn   | Place    | Note
-------+----------+-------------------------------------------
     0 | D        | Hipnos the Troll Chaos Knight began the quest for the Orb.
     0 | D        | Reached XP level 1. HP: 22/22 MP: 0/0
    16 | D        | Found Ofrihi's Book Shoppe.
    16 | D        | Found Iwust's Distillery.
    16 | D        | Found Xifez's Antique Armour Emporium.
    16 | D        | Found Lufakhl Zixi's Book Shoppe.
    16 | D        | Found Quch's Antique Armour Emporium.
    16 | D        | Found Riopuynt's Weapon Shoppe.
    16 | D        | Found Subro's Antique Armour Shoppe.
    24 | D        | Reached XP level 2. HP: 31/31 MP: 1/1
    32 | D        | Noticed a wyvern
    32 | D        | Noticed a wyvern
    36 | D        | XOM: potion effect (might)
    39 | D        | Slain by a wyvern

Illustrated notes

Levels and vault maps discovered:
D:        the_violet_keep_of_menkaure [sprint2_stairs_cluster_1,
          sprint2_shoproom, sprint2_temple, sprint2_basic_supplies,
          sprint2_obstacle_5, sprint2_obstacle_6, sprint2_obstacle_4,
          sprint2_obstacle_3, sprint2_obstacle_1, sprint2_timed_cluster_1,
          sprint2_smallroom_cluster_1, sprint2_smallroom_final_cluster_1,
          sprint2_transparent_cluster_1, sprint2_second_timed_cluster_1,
          sprint2_sniper_area_1, sprint2_heavy_combat_area_1,
          sprint2_mutation_trap_area_1, sprint2_forest_area_1,
          sprint2_light_combat_area_1, sprint2_behind_water_1,
          sprint2_near_end_vault_1]

Skill      XL: |  1 |
---------------+----+-----
Maces & Flails | 3 |  3.7
Dodging        | 2 |  2.3
Fighting       | 3 |  3.3

Action                   || total
-------------------------++-------
Melee: Mace              ||    17
  Use: Potion            ||     1
Armor: Robe              ||     4
Dodge: Dodged            ||     4

Table legend: (Time is in decaauts)
 A = Elapsed time spent in this place.
 B = Non-inter-level travel time spent in this place.
 C = Inter-level travel time spent in this place.
 D = Time resting spent in this place.
 E = Time spent auto-exploring this place.
 F = Levels seen in this place.
 G = Mean time per level.
                   A        B        C        D        E       F      G
               +--------+--------+--------+--------+--------+-----+--------+
         Total |     40 |     40 |      0 |      0 |      0 |   1 |   40.0 |
       Dungeon |     40 |     40 |      0 |      0 |      0 |   1 |   40.0 |
               +--------+--------+--------+--------+--------+-----+--------+

Top non-repeatable levels by time:
       D: 40 daAuts
